 Dungeon Crawl Stone Soup version 0.25.1-2-g60ff931df9 (webtiles) character file.

Game seed: 15129281056563457129

114 ArchParadox the Firebug (level 4, 0/36 HPs)
             Began as a Draconian Fire Elementalist on Oct 23, 2020.
             Was an Initiate of Sif Muna.
             Slain by a gnoll
             ... wielding a +0 flail
              (13 damage)
             ... on level 2 of the Dungeon.
             The game lasted 00:04:27 (2708 turns).

ArchParadox the Firebug (DrFE)                      Turns: 2708, Time: 00:04:27

Health: 0/36       AC:  5    Str: 10    XL:     4   Next: 66%
Magic:  7/7        EV: 12    Int: 17    God:    Sif Muna [......]
Gold:   92         SH:  0    Dex: 11    Spells: 3/7 levels left

rFire    . . .     SeeInvis .   a - +1 whip (drain)
rCold    . . .     Gourm    .   (no shield)
rNeg     . . .     Faith    .   (armour unavailable)
rPois    .         Spirit   .   (helmet restricted)
rElec    .         Reflect  .   (no cloak)
rCorr    .         Harm     .   (no gloves)
MR       .....                  (no boots)
Stlth    ++........             (no amulet)
HPRegen  0.12/turn              (no ring)
MPRegen  0.10/turn              (no ring)

@: no status effects
A: unfitting armour, cold-blooded, AC +5
a: Renounce Religion


You were on level 2 of the Dungeon.
You worshipped Sif Muna.
Sif Muna was noncommittal.
You were not hungry.

You visited 1 branch of the dungeon, and saw 3 of its levels.

You collected 92 gold pieces.

Inventory:

Hand Weapons
 a - a +1 whip of draining (weapon)
Scrolls
 c - a scroll of random uselessness {unknown}
 d - a scroll of remove curse {unknown}
 g - 3 scrolls of identify {unknown}
 h - a scroll of fog {unknown}
 j - a scroll of teleportation {unknown}
 k - a scroll of enchant armour {unknown}
 l - a scroll of immolation {unknown}
 p - a scroll of noise {unknown}
Potions
 e - a potion of stabbing {unknown}
 f - a potion of invisibility {unknown}
 i - 2 potions of heal wounds {unknown}
 m - a potion of cancellation {unknown}
 n - 3 potions of mutation {unknown}
 o - 2 potions of curing {unknown}
Comestibles
 b - 3 rations
 q - 3 chunks of flesh


   Skills:
 + Level 2.2 Fighting
 - Level 1.7 Dodging
 - Level 1.7 Stealth
 - Level 2.0 Spellcasting
 + Level 2.2 Conjurations
 * Level 4.4 Fire Magic


You had 3 spell levels left.
You knew the following spells:

 Your Spells              Type           Power        Failure   Level  Hunger
a - Foxfire               Conj/Fire      ##..         4%          1    #......
b - Conjure Flame         Conj/Fire      ##......     14%         3    ###....

Your spell library contained the following spells:

 Spells                   Type           Power        Failure   Level  Hunger
 Inner Flame              Hex/Fire       #.......     24%         3    ###....
 Sticky Flame             Conj/Fire      ##......     43%         4    #####..
 Fireball                 Conj/Fire      ##........   80%         5    ######.


Dungeon Overview and Level Annotations

Branches:
Dungeon (3/15)

Altars:
Sif Muna


Innate Abilities, Weirdness & Mutations

Your plain brown scales are hard. (AC +5)
You cannot fit into any form of body armour.
You are cold-blooded and may be slowed by cold attacks.


Message History

The worm bites you!
There is a stone staircase leading up here.
Casting: Foxfire (safe; 4% risk of failure)
Confirm with . or Enter, or press ? or * to list all spells.
You conjure some foxfire!
The gnoll closely misses you.
The foxfire hits the gnoll but does no damage.
The worm bites you.
The foxfire hits the worm.
The worm is lightly wounded.
The gnoll hits you but does no damage.
The gnoll hits you from afar with a +0 spear.
The worm barely misses you. The gnoll closely misses you.
You climb upwards.
There is a stone staircase leading down here.
You closely miss the gnoll. The gnoll closely misses you. The worm misses you.
You completely miss the gnoll. The gnoll closely misses you.
You closely miss the gnoll. The worm misses you.
You closely miss the gnoll. The gnoll barely misses you.
You closely miss the gnoll. The gnoll hits you with a +0 flail!
You die...

#.# #.#
#.##)##### #.#
#.######........#
#.#
#......#..#.###.#
#.# ######.#..#.#
#.# #.# #.#....#
#.# #.# #.#.#..#
#.# #.# #.#.#..#
#.# #.#######
#...##w###.#
#.......#
######@g...#
#######.# #######
#....#.# #......#
####.### #.#####
#.....# #####.#
#.#


You could see a worm and a gnoll.

Vanquished Creatures
  Jessica (D:2)
  A gnoll (D:2)
  4 adders (D:2)
  A worm (D:2)
  2 dart slugs
  2 leopard geckos
  A ball python (D:2)
  2 giant cockroaches
  3 goblins
  A hobgoblin (D:1)
  5 kobolds
  2 quokkas (D:2)
  4 bats
  4 frilled lizards
  5 rats
38 creatures vanquished.

Vanquished Creatures (others)
  130 foxfires
130 creatures vanquished.

Grand Total: 168 creatures vanquished

Notes
Turn   | Place    | Note
-------+----------+-------------------------------------------
     0 | D:1      | ArchParadox the Draconian Fire Elementalist began the quest
                  | for the Orb.
     0 | D:1      | Reached XP level 1. HP: 14/14 MP: 3/3
   331 | D:1      | Reached XP level 2. HP: 22/22 MP: 1/5
   635 | D:1      | Reached skill level 1 in Fighting
  1023 | D:2      | Noticed Jessica
  1031 | D:2      | Killed Jessica
  1031 | D:2      | Reached XP level 3. HP: 28/28 MP: 1/6
  1036 | D:2      | Learned a level 3 spell: Conjure Flame
  1316 | D:2      | Reached skill level 4 in Fire Magic
  1513 | D:2      | Reached XP level 4. HP: 30/36 MP: 1/7
  2456 | D:2      | Found a shimmering blue altar of Sif Muna.
  2462 | D:2      | Became a worshipper of Sif Muna the Loreminder
  2708 | D:2      | Slain by a gnoll

Illustrated notes

Levels and vault maps discovered:
D:1:      moated_graveyard_arrival, layout_basic, minmay_pentomino_p2
D:2:      layout_basic, led_sif_pool, uniq_jessica
D:3:      layout_basic, st_stairs_3, uniq_terence, uniq_grinder

Skill      XL: |  1  2  3  4 |
---------------+-------------+-----
Fighting       | 1 2 |  2.2
Fire Magic     | 4 |  4.4
Conjurations   | 2 |  2.2
Dodging        | |  1.7
Stealth        | |  1.7
Spellcasting   | |  2.0

Action                   |  1- 3 |  4- 6 || total
-------------------------+-------+-------++-------
Melee: Whip              |     2 |    21 ||    23
       Tailslap          |       |     1 ||     1
 Cast: Foxfire           |    61 |    41 ||   102
  Eat: Chunk             |     3 |     1 ||     4
       Ration            |       |     1 ||     1
Armor: Skin              |     3 |    12 ||    15
Dodge: Dodged            |    17 |    37 ||    54
